cohdb
Replays
Latest Replays
All Replays
Popular Replays
Top Player Replays
Match Explorer
How It Works
Community
CoH3 Stats
Reddit
Sign in to upload your games and track your stats! →
Sign in with Steam
Match 41719278
Unlisted
Match 41719278
Overview
Messages
Build Orders
End
Pioneer Squad
Construct Infanterie Kompanie
Selects Terror Battlegroup
Selects Machine Gun Camouflage
Grenadier Squad
MG 42 Machine Gun Team
GrW 34 Mortar Team
MG 42 Machine Gun Team
Infanterie Officer Quarters
Selects Interrogate
Construct Panzergrenadier Kompanie
251 Medium Carrier
Grenadier Squad
Pak 40 Anti-tank Gun Team
Panzergrenadier Squad
Panzergrenadier Officer Quarters
Support Elements
StuG III G Assault Gun
Selects Defend the Fatherland
Panzergrenadier Squad
Kitsuné
Dumais
Skyline
KevinTDW
0
0
Comments
sign in to comment!
No comments posted yet!